 Dungeon Crawl Stone Soup version 0.30-a0-12-gd8047c6341 (webtiles) character file.

Game seed: 2667664417678843206

369 siradein the Slicer (level 6, 0/47 HPs)
             Began as a Vampire Fighter on Aug 23, 2022.
             Slain by an ogre
             ... wielding a +0 giant spiked club
              (30 damage)
             ... on level 4 of the Dungeon.
             The game lasted 00:06:45 (2821 turns).

siradein the Slicer (Vampire Fighter)               Turns: 2821, Time: 00:06:45

Health: 0/47       AC: 13    Str: 15    XL:     6   Next: 41%
Magic:  6/6        EV:  9    Int: 11    God:
Gold:   203        SH:  5    Dex: 15    Spells: 5/5 levels left

rFire   . . .      SeeInvis +    a - +0 rapier
rCold   . . .      Faith    .    c - +0 buckler
rNeg    . . .      Spirit   .    b - +0 scale mail
rPois   .          Reflect  .    o - +0 helmet
rElec   .          Harm     .    (no cloak)
rCorr   .          Rampage  .    k - +0 pair of gloves
Will    .....                    (no boots)
Stlth   ..........               (no amulet)
HPRegen 0.35/turn                i - +4 ring of protection
MPRegen 0.10/turn                (no ring)

@: healing quickly
A: alive, fangs 3, see invisible, vampiric 2
a: Exsanguinate


You were on level 4 of the Dungeon.
You visited 1 branch of the dungeon, and saw 4 of its levels.

You collected 203 gold pieces.

Inventory:

Hand Weapons
 a - a +0 rapier (weapon)
Missiles
 e - 5 silver boomerangs
 j - 32 stones (quivered)
 n - 7 poisoned darts
Armour
 b - a +0 scale mail (worn)
 c - a +0 buckler (worn)
 k - a +0 pair of gloves (worn)
 o - a +0 helmet (worn)
Jewellery
 i - a +4 ring of protection (left hand)
Wands
 s - a wand of digging (7)
 t - a wand of flame (18)
Scrolls
 f - 2 scrolls of amnesia
 g - 3 scrolls of teleportation
 l - a scroll of poison
 m - a scroll of summoning
 p - a scroll of fog {unknown}
 q - 3 scrolls of enchant weapon
 u - a scroll of vulnerability {unknown}
Potions
 d - a potion of might
 h - a potion of lignification
 r - 3 potions of curing {unknown}
 v - a potion of heal wounds {unknown}


   Skills:
 + Level 3.4 Fighting
 + Level 11.9 Short Blades
 + Level 3.1 Armour
 + Level 1.0 Dodging
 + Level 3.5 Shields


You had 5 spell levels left.
You didn't know any spells.
Your spell library was empty.

Dungeon Overview and Level Annotations

Branches:
Dungeon (4/15)
 Temple: D:4-7

Altars:
Fedhas
Qazlal
Vehumet


Innate Abilities, Weirdness & Mutations

Your natural rate of healing is accelerated.
You have razor-sharp teeth.
You have supernaturally acute eyesight. (SInv)
You are afflicted with vampirism and can become a bat while bloodless.


Message History

You hit the orc priest.
You kill the orc priest!
Your Dodging skill increases to level 1!
No target in view!
No target in view!
Things that are here:
a +0 dagger; a +0 robe; an orc corpse
Things that are here:
a +0 club; an orc corpse
Things that are here:
a +0 whip; a +0 hand axe; a +0 leather armour A quokka comes into view.
A quokka is nearby!
You hit the quokka.
The quokka is heavily wounded.
You puncture the quokka!
You kill the quokka!
No target in view!
No target in view!
No target in view!
Search for what [? for help]? armor You see here a quokka corpse.
Found a stone staircase leading down.
An ogre comes into view. It is wielding a +0 giant spiked club.
The ogre shouts!
You hit the ogre.
The ogre is lightly wounded.
The ogre hits you with a +0 giant spiked club!!
You hit the ogre.
The ogre is moderately wounded.
You closely miss the ogre.
The ogre is moderately wounded.
The ogre closely misses you.
You hit the ogre.
The ogre is moderately wounded.
You closely miss the ogre.
The ogre is moderately wounded.
The ogre hits you with a +0 giant spiked club!!
Ouch! That really hurt!
You die...

...# #.# ..## #.# ..#
######.# ..# ####......#
..# #....######
...#####.######
.#....>.......###
..<..########...#######.
###### ###.@O......
##########


You could see an ogre.

Vanquished Creatures
  A hound (D:4)
  An orc priest (D:4)
  A jelly (D:4)
  2 orc wizards
  Robin (D:2)
  5 adders
  A worm (D:2)
  A dart slug (D:2)
  17 orcs
  5 endoplasms
  2 giant cockroaches
  15 goblins
  11 hobgoblins
  7 jackals
  2 kobolds
  5 quokkas
  8 ball pythons
  9 bats
  2 frilled lizards (D:2)
  3 rats (D:1)
99 creatures vanquished.

Vanquished Creatures (others)
  A goblin (D:3)
  A fungus (D:4)
2 creatures vanquished.

Grand Total: 101 creatures vanquished

Notes
Turn   | Place    | Note
-------+----------+-------------------------------------------
     0 | D:1      | siradein the Vampire Fighter began the quest for the Orb.
     0 | D:1      | Reached XP level 1. HP: 17/17 MP: 1/1
   123 | D:1      | Reached XP level 2. HP: 23/23 MP: 2/2
   882 | D:1      | Gained mutation: You are afflicted with vampirism and can
                  | become a bat while bloodless. [Vampire growth]
   882 | D:1      | Reached XP level 3. HP: 26/29 MP: 3/3
  1040 | D:2      | You fall into a shaft and drop 1 floor!
  1189 | D:2      | Reached skill level 11 in Short Blades
  1189 | D:2      | Reached XP level 4. HP: 35/35 MP: 4/4
  1228 | D:2      | Noticed Robin
  1255 | D:2      | Killed Robin
  1365 | D:2      | Found a faded altar of an unknown god.
  1469 | D:2      | Reached XP level 5. HP: 41/41 MP: 5/5
  1873 | D:3      | Found a radiant altar of Vehumet.
  2400 | D:4      | Found a blossoming altar of Fedhas.
  2404 | D:4      | Found a stormy altar of Qazlal.
  2490 | D:4      | Reached XP level 6. HP: 34/45 MP: 6/6
  2691 | D:4      | Reached skill level 1 in Dodging
  2821 | D:4      | Slain by an ogre

Illustrated notes

Levels and vault maps discovered:
D:1:      dpeg_arrival_rooms_c, layout_loops_ring, minmay_pentomino_v2
D:2:      layout_basic, hellmonk_ecumenical_altar_arch_garden, uniq_robin
D:3:      layout_loops_cross, fiery_altar_vehumet, kennysheep_generic_room_4
D:4:      layout_rooms, grunt_temple_overflow_forces_of_nature, serial_shops,
          nicolae_shop_stone

Skill      XL: |  1  2  3  4  5  6 |
---------------+-------------------+-----
Shields        | 3 |  3.5
Fighting       | 3 |  3.4
Short Blades   | 11 | 11.9
Armour         | 3 |  3.1
Dodging        | 1 |  1.0

Action                   |  1- 3 |  4- 6 || total
-------------------------+-------+-------++-------
Melee: Rapier            |   111 |   226 ||   337
       Bite              |    13 |    26 ||    39
  Use: Scroll            |     7 |     1 ||     8
       Potion            |     1 |       ||     1
Armor: Scale mail        |    65 |    59 ||   124
Dodge: Dodged            |    53 |    66 ||   119
Block: Buckler           |    27 |    43 ||    70

Table legend: (Time is in decaauts)
 A = Elapsed time spent in this place.
 B = Non-inter-level travel time spent in this place.
 C = Inter-level travel time spent in this place.
 D = Time resting spent in this place.
 E = Time spent auto-exploring this place.
 F = Levels seen in this place.
 G = Mean time per level.
                   A        B        C        D        E       F      G
               +--------+--------+--------+--------+--------+-----+--------+
         Total |   2755 |   2679 |     76 |      0 |   2036 |   4 |  688.8 |
       Dungeon |   2755 |   2679 |     76 |      0 |   2036 |   4 |  688.8 |
               +--------+--------+--------+--------+--------+-----+--------+

Top non-repeatable levels by time:
     D:1: 926 daAuts
     D:3: 755 daAuts
     D:2: 664 daAuts
     D:4: 409 daAuts
